 Dungeon Crawl Stone Soup version 0.31.0-1-g2c135a008e (webtiles) character file.

Game seed: 5852808526495156615

247 qw the Shooter (level 6, -4/47 HPs)
             Began as a Djinni Hunter on Jan 23, 2024.
             Slain by Edmund
             ... wielding a +3 heavy dire flail
              (19 damage)
             ... on level 4 of the Dungeon.
             The game lasted 00:00:18 (2842 turns).

qw the Shooter (Djinni Hunter)                      Turns: 2842, Time: 00:00:19

Health: -4/47      AC: 13    Str:  6    XL:     6   Next: 33%
Gold:   207        EV: 10    Int: 11    God:
                   SH:  0    Dex: 18

rFire   + + .        a - +1 shortbow
rCold   x . .        (shield currently unavailable)
rNeg    + + +        d - +0 ring mail of Ywielaad {-Cast *Slow rN+++ rCorr}
rPois   inf          (no helmet)
rElec   .            i - +1 cloak of Cloud Cover {^Contam rPois Str-4 SInv}
rCorr   +            h - +1 pair of gloves
SInv    +            (boots unavailable)
Will    +....        (no amulet)
Stlth   +            k - ring of willpower
HPRegen 0.27/turn    j - +4 ring of protection
MPRegen 0.00/turn

%: no spellcasting, slow self (1%), infuse magic (-5 HP)
@: flying
A: sickness immunity, fire resistance 2, cold vulnerability 1, float, innate
caster, HP casting, extra vitality 1
a: no special abilities


You were on level 4 of the Dungeon.
You visited 1 branch of the dungeon, and saw 4 of its levels.

You collected 207 gold pieces.


Innate Abilities, Weirdness & Mutations

You are immune to sickness and miasma.
You are immune to poison.
Your flesh is very heat resistant. (rF++)
You are vulnerable to cold. (rC-)
You float through the air rather than walking.
You learn spells naturally, not from books.
Your magical power is your life essence.
You have superior vitality. (+4 MHP)


   Skills:
 - Level 4.0 Fighting
 - Level 5.0 Ranged Weapons
 + Level 1.2 Armour
 - Level 2.1 Dodging
 - Level 0.7 Stealth


You knew the following spells:

 Your Spells              Type           Power      Damage    Failure   Level
a - Freeze                Ice            0%         1d3       80%         1
b - Static Discharge      Conj/Air       0%         3-3/arc   91%         2
Your spell library was empty.

Inventory:

Hand Weapons
 a - a +1 shortbow (weapon)
Armour
 d - the +0 ring mail of Ywielaad (worn) {-Cast *Slow rN+++ rCorr}
   (You found it on level 2 of the Dungeon)

   rN+++:     It renders you almost immune to negative energy.
   -Cast:     It prevents spellcasting.
   rCorr:     It protects you from acid and corrosion.
   *Slow:     It may slow you when you take damage.
 f - a +0 ring mail
 h - a +1 pair of gloves (worn)
 i - the +1 cloak of Cloud Cover (worn) {^Contam rPois Str-4 SInv}
   (You found it on level 3 of the Dungeon)

   Str-4:     It affects your strength (-4).
   rPois:     It protects you from poison SInv: It lets you see invisible.
   ^Contam:   It causes magical contamination when unequipped.
Jewellery
 j - a +4 ring of protection (right hand)
 k - a ring of willpower (left hand)
Scrolls
 m - a scroll of vulnerability {unknown}
 n - a scroll of identify
Potions
 b - a potion of haste {unknown}
 c - a potion of brilliance {unknown}
 e - 2 potions of enlightenment
 l - a potion of curing {unknown}

Dungeon Overview and Level Annotations

Branches:
Dungeon (4/15)             Temple (0/1) D:4

Altars:
Makhleb
Zin

Annotations:
D:4 Edmund, Pikel


Message History

The puff of flame misses Edmund.
The puff of flame hits the black bear.
The black bear is heavily wounded.
Edmund barely misses you.
2837 ||| ZAPPING wand of flame (6) at 0,1 (Edmund; floor).
Aiming: Throw Flame
Press: ? - help, Q - select action, (/) - cycle Shift-Dir - straight line, f/p - Edmund The puff of flame hits Edmund.
Edmund is moderately wounded.
Edmund barely misses you.
2838 ||| ZAPPING wand of flame (5) at 0,1 (Edmund; floor).
Aiming: Throw Flame
Press: ? - help, Q - select action, (/) - cycle Shift-Dir - straight line, f/p - Edmund The puff of flame hits Edmund!
Edmund is heavily wounded.
2839 ||| ZAPPING wand of flame (4) at 0,1 (Edmund; floor).
Aiming: Throw Flame
Press: ? - help, Q - select action, (/) - cycle Shift-Dir - straight line, f/p - Edmund The puff of flame hits Edmund.
Edmund is heavily wounded.
Edmund hits you with a +3 heavy dire flail!
2840 ||| ZAPPING wand of flame (3) at 0,1 (Edmund; floor).
Aiming: Throw Flame
Press: ? - help, Q - select action, (/) - cycle Shift-Dir - straight line, f/p - Edmund The puff of flame hits Edmund.
Edmund is heavily wounded.
Edmund barely misses you.
2841 ||| ZAPPING wand of flame (2) at 0,1 (Edmund; floor).
Aiming: Throw Flame
Press: ? - help, Q - select action, (/) - cycle Shift-Dir - straight line, f/p - Edmund The puff of flame misses Edmund.
The puff of flame hits the black bear.
The black bear is heavily wounded.
2842 ||| ZAPPING wand of flame (1) at 0,1 (Edmund; floor).
Aiming: Throw Flame
Press: ? - help, Q - select action, (/) - cycle Shift-Dir - straight line, f/p - Edmund The puff of flame hits Edmund.
Edmund is severely wounded.
The now-empty wand crumbles to dust.
Edmund hits you with a +3 heavy dire flail!!
You die...
Edmund says, "That'll show my brother!"

#.... ##......## ##....
#..........###.....
#..................
#........>....##...
#.....# ..#.. #.... .
.>..###......#.... #.
#...#............. .##.
#@#.........#####.
.....#@#...#......# #>
.......h....#..# ..# ##
..)¤h.#...###..##..#####
......#.....##..##...##.
.>......#........#......
......###.#.........#.#.
...}.. ###..%.##....###
..... ####)#......#.


You could see Edmund and a black bear.

Vanquished Creatures
  A scorpion (D:4)
  7 gnolls (D:2)
  5 adders
  A dart slug (D:2)
  2 ribbon worms
  2 orcs (D:4)
  8 ball pythons
  5 bats
  11 endoplasms
  2 goblins
  7 hobgoblins
  2 jackals (D:1)
  2 quokkas (D:1)
  A frilled lizard (D:1)
  8 kobolds
  5 rats
69 creatures vanquished.

Notes
Turn   | Place    | Note
-------+----------+-------------------------------------------
     0 | D:1      | qw the Djinni Hunter began the quest for the Orb.
     0 | D:1      | Reached XP level 1. HP: 18/18 MP: 0/0
     0 | D:1      | 0 ||| qw: Version: 0.3-a-132-g3d54051
     0 | D:1      | 0 ||| qw: Game counter: 662
     0 | D:1      | 0 ||| qw: Melee chars always use a shield: true
     0 | D:1      | 0 ||| qw: God list: Okawaru
     0 | D:1      | 0 ||| qw: Allow faded altars: false
     0 | D:1      | 0 ||| qw: Do Orc after clearing Dungeon:15 true
     0 | D:1      | 0 ||| qw: Do second Lair branch before Depths: true
     0 | D:1      | 0 ||| qw: Lair rune preference: random
     0 | D:1      | 0 ||| qw: Goals: Normal
     0 | D:1      | 0 ||| PLANNING D:1-11
   197 | D:1      | Reached XP level 2. HP: 23/23 MP: 0/0
   563 | D:1      | Reached XP level 3. HP: 28/28 MP: 0/0
   563 | D:1      | Learned a level 1 spell: Freeze
   588 | D:1      | Reached skill level 4 in Ranged Weapons
   633 | D:1      | 633 ||| UPGRADING to +0 ring mail.
   643 | D:1      | 643 ||| DROPPING +0 leather armour.
   644 | D:1      | 644 ||| UPGRADING to ring of willpower.
   645 | D:1      | 645 ||| READING scroll labelled BABBAI CAERGHU.
   646 | D:1      | 646 ||| READING scroll labelled UMYTHR ULIUSS.
   646 | D:1      | 646 ||| IDENTIFYING ruby potion
   647 | D:1      | 647 ||| READING 2 scrolls labelled BUAJEU JILEF.
   648 | D:1      | 648 ||| READING scroll labelled GELOFE MYKK.
   749 | D:1      | 749 ||| READING scroll labelled URODDU OFER.
   750 | D:1      | 750 ||| READING scroll labelled LAIBAWO RENE.
   753 | D:1      | 753 ||| DROPPING scroll of butterflies.
   754 | D:1      | 754 ||| DROPPING scroll of blinking.
   755 | D:1      | 755 ||| DROPPING potion of ambrosia.
   778 | D:2      | Reached skill level 1 in Armour
   778 | D:2      | 778 ||| STAIRDANCE
   810 | D:2      | 810 ||| RETREEEEATING.
   813 | D:2      | 813 ||| RETREEEEATING.
   819 | D:2      | Reached XP level 4. HP: 17/34 MP: 0/0
   831 | D:2      | Reached skill level 3 in Fighting
   835 | D:2      | 835 ||| FLEEEEING.
   839 | D:2      | 839 ||| STAIRDANCE
  1038 | D:2      | 1038 ||| FLEEEEING.
  1039 | D:2      | 1039 ||| FLEEEEING.
  1040 | D:2      | 1040 ||| FLEEEEING.
  1045 | D:2      | 1045 ||| FLEEEEING.
  1113 | D:2      | 1113 ||| FLEEEEING.
  1115 | D:2      | 1115 ||| FLEEEEING.
  1116 | D:2      | 1116 ||| FLEEEEING.
  1340 | D:2      | Reached XP level 5. HP: 39/40 MP: 0/0
  1340 | D:2      | Learned a level 2 spell: Static Discharge
  1414 | D:2      | Identified the +0 ring mail of Ywielaad {-Cast *Slow rN+++
                  | rCorr}
  1588 | D:2      | 1588 ||| FLEEEEING.
  1589 | D:2      | 1589 ||| FLEEEEING.
  1590 | D:2      | 1590 ||| FLEEEEING.
  1591 | D:2      | 1591 ||| FLEEEEING.
  1592 | D:2      | 1592 ||| FLEEEEING.
  1593 | D:2      | 1593 ||| FLEEEEING.
  1594 | D:2      | 1594 ||| FLEEEEING.
  1595 | D:2      | 1595 ||| FLEEEEING.
  1596 | D:2      | 1596 ||| FLEEEEING.
  1597 | D:2      | 1597 ||| FLEEEEING.
  1598 | D:2      | 1598 ||| FLEEEEING.
  1599 | D:2      | 1599 ||| FLEEEEING.
  1600 | D:2      | 1600 ||| FLEEEEING.
  1601 | D:2      | 1601 ||| FLEEEEING.
  1602 | D:2      | 1602 ||| FLEEEEING.
  1603 | D:2      | 1603 ||| FLEEEEING.
  1604 | D:2      | 1604 ||| FLEEEEING.
  1605 | D:2      | 1605 ||| FLEEEEING.
  1606 | D:2      | 1606 ||| FLEEEEING.
  1607 | D:2      | 1607 ||| FLEEEEING.
  1608 | D:2      | 1608 ||| FLEEEEING.
  1609 | D:2      | 1609 ||| FLEEEEING.
  1610 | D:2      | 1610 ||| FLEEEEING.
  1611 | D:2      | 1611 ||| FLEEEEING.
  1612 | D:2      | 1612 ||| FLEEEEING.
  1613 | D:2      | 1613 ||| FLEEEEING.
  1614 | D:2      | 1614 ||| FLEEEEING.
  1615 | D:2      | 1615 ||| FLEEEEING.
  1616 | D:2      | 1616 ||| FLEEEEING.
  1617 | D:2      | 1617 ||| FLEEEEING.
  1618 | D:2      | 1618 ||| STAIRDANCE
  1638 | D:1      | 1638 ||| UPGRADING to +0 ring mail of Ywielaad {-Cast *Slow
                  | rN+++ rCorr}.
  1648 | D:1      | 1648 ||| READING scroll of identify.
  1648 | D:1      | 1648 ||| IDENTIFYING scroll labelled OVAGGA KIGECE
  1649 | D:1      | 1649 ||| READING scroll of enchant weapon.
  1649 | D:1      | 1649 ||| ENCHANTING +0 shortbow.
  1650 | D:1      | 1650 ||| READING scroll labelled ZUXTO GUENKAEF.
  1650 | D:1      | 1650 ||| ENCHANTING +1 shortbow.
  1659 | D:2      | 1659 ||| STAIRDANCE
  1995 | D:3      | Identified the +1 cloak of Cloud Cover {^Contam rPois Str-4
                  | SInv}
  2319 | D:3      | Found a burning altar of Makhleb.
  2321 | D:3      | Noticed a blizzard demon
  2325 | D:3      | Found a glowing silver altar of Zin.
  2325 | D:3      | Noticed an angel
  2387 | D:3      | 2387 ||| UPGRADING to +1 pair of gloves.
  2392 | D:3      | 2392 ||| UPGRADING to +1 cloak of Cloud Cover {^Contam
                  | rPois Str-4 SInv}.
  2397 | D:3      | 2397 ||| UPGRADING to +4 ring of protection.
  2398 | D:3      | 2398 ||| READING scroll labelled WOT FEFAFUEBY.
  2399 | D:3      | 2399 ||| READING scroll labelled QERO QULUERCHOURA.
  2400 | D:3      | 2400 ||| DRINKING 3 sedimented puce potions.
  2446 | D:4      | Noticed a lemure
  2447 | D:4      | 2447 ||| ZAPPING wand of flame (23) at 4,-6 (lemure;
                  | floor).
  2447 | D:4      | Noticed Pikel
  2448 | D:4      | 2448 ||| ZAPPING wand of flame (22) at 3,-5 (lemure;
                  | floor).
  2449 | D:4      | 2449 ||| ZAPPING wand of flame (21) at 3,-4 (lemure;
                  | floor).
  2449 | D:4      | Noticed a lemure
  2449 | D:4      | Noticed a lemure
  2450 | D:4      | 2450 ||| RETREEEEATING.
  2450 | D:4      | Noticed a lemure
  2451 | D:4      | 2451 ||| RETREEEEATING.
  2452 | D:4      | 2452 ||| RETREEEEATING.
  2453 | D:4      | 2453 ||| RETREEEEATING.
  2454 | D:4      | 2454 ||| RETREEEEATING.
  2455 | D:4      | 2455 ||| RETREEEEATING.
  2456 | D:4      | 2456 ||| RETREEEEATING.
  2457 | D:4      | 2457 ||| RETREEEEATING.
  2458 | D:4      | 2458 ||| RETREEEEATING.
  2459 | D:4      | 2459 ||| RETREEEEATING.
  2460 | D:4      | 2460 ||| RETREEEEATING.
  2461 | D:4      | 2461 ||| RETREEEEATING.
  2462 | D:4      | 2462 ||| RETREEEEATING.
  2463 | D:4      | 2463 ||| RETREEEEATING.
  2464 | D:4      | 2464 ||| RETREEEEATING.
  2465 | D:4      | 2465 ||| RETREEEEATING.
  2466 | D:4      | 2466 ||| RETREEEEATING.
  2467 | D:4      | 2467 ||| ZAPPING wand of flame (20) at 0,-1 (Pikel; floor).
  2468 | D:4      | 2468 ||| ZAPPING wand of flame (19) at 0,-1 (Pikel; floor).
  2469 | D:4      | 2469 ||| ZAPPING wand of flame (18) at 0,-1 (Pikel; floor).
  2470 | D:4      | 2470 ||| ZAPPING wand of flame (17) at 0,-1 (Pikel; floor).
  2470 | D:4      | HP: 10/40 [Pikel/+2 whip of flaming (6)]
  2471 | D:4      | 2471 ||| READING scroll of teleportation.
  2472 | D:4      | 2472 ||| ZAPPING wand of flame (16) at 0,-1 (Pikel; floor).
  2472 | D:4      | HP: 2/40 [Pikel/+2 whip of flaming (6)]
  2473 | D:4      | 2473 ||| ZAPPING wand of flame (15) at 0,-1 (Pikel; floor).
  2642 | D:4      | Reached skill level 5 in Ranged Weapons
  2668 | D:4      | Reached XP level 6. HP: 35/47 MP: 0/0
  2825 | D:4      | Noticed Edmund
  2826 | D:4      | Found a staircase to the Ecumenical Temple.
  2826 | D:4      | Noticed a black bear
  2827 | D:4      | 2827 ||| PLANNING TEMPLE
  2827 | D:4      | 2827 ||| RETREEEEATING.
  2828 | D:4      | 2828 ||| ZAPPING wand of flame (14) at -4,2 (black bear;
                  | fountain_blue).
  2829 | D:4      | 2829 ||| RETREEEEATING.
  2830 | D:4      | 2830 ||| ZAPPING wand of flame (13) at 0,1 (Edmund; floor).
  2831 | D:4      | 2831 ||| ZAPPING wand of flame (12) at 0,1 (Edmund; floor).
  2832 | D:4      | 2832 ||| ZAPPING wand of flame (11) at 0,1 (Edmund; floor).
  2833 | D:4      | 2833 ||| ZAPPING wand of flame (10) at 0,1 (Edmund; floor).
  2834 | D:4      | 2834 ||| ZAPPING wand of flame (9) at 0,1 (Edmund; floor).
  2835 | D:4      | 2835 ||| ZAPPING wand of flame (8) at 0,1 (Edmund; floor).
  2836 | D:4      | 2836 ||| ZAPPING wand of flame (7) at 0,1 (Edmund; floor).
  2837 | D:4      | 2837 ||| ZAPPING wand of flame (6) at 0,1 (Edmund; floor).
  2838 | D:4      | 2838 ||| ZAPPING wand of flame (5) at 0,1 (Edmund; floor).
  2839 | D:4      | 2839 ||| ZAPPING wand of flame (4) at 0,1 (Edmund; floor).
  2840 | D:4      | 2840 ||| ZAPPING wand of flame (3) at 0,1 (Edmund; floor).
  2841 | D:4      | 2841 ||| ZAPPING wand of flame (2) at 0,1 (Edmund; floor).
  2842 | D:4      | 2842 ||| ZAPPING wand of flame (1) at 0,1 (Edmund; floor).
  2842 | D:4      | Slain by Edmund

Levels and vault maps discovered:
D:1:      dpeg_arrival_three_same_balls, layout_loops_ring
D:2:      layout_loops_cross, basic_altar, chequers_serial_rivers_marsh
D:3:      layout_loops_ring, grunt_temple_overflow_order_and_chaos_2
D:4:      layout_cave_pools, minmay_temple_entry_large_hall, uniq_edmund,
          uniq_pikel, uniq_natasha

Skill      XL: |  1  2  3  4  5  6 |
---------------+-------------------+-----
Ranged Weapons | 4 5 |  5.0
Armour         | 1 |  1.2
Fighting       | 3 4 |  4.0
Dodging        | |  2.1
Stealth        | |  0.7

Action                     |  1- 3 |  4- 6 || total
---------------------------+-------+-------++-------
   Fire: Shortbow          |    58 |   175 ||   233
  Evoke: Wand              |       |    23 ||    23
    Use: Scroll            |     6 |     6 ||    12
         Potion            |       |     1 ||     1
 Armour: Leather armour    |     6 |       ||     6
         Ring mail         |     8 |   111 ||   119
  Dodge: Dodged            |    10 |    83 ||    93

Table legend:
 A = Non-vault XP
 B = Vault XP
 C = Vault XP percentage of total XP
 D = Non-vault monster count
 E = Vault monster count
 F = Vault count percentage of total count
                 A         B        C        D         E       F
            +---------+---------+-------+---------+---------+-------
      Total |     353 |       0 |   0.0 |      69 |       0 |   0.0
            +---------+---------+-------+---------+---------+-------
        D:1 |      31 |       0 |   0.0 |      18 |       0 |   0.0
        D:2 |     169 |       0 |   0.0 |      26 |       0 |   0.0
        D:3 |      16 |       0 |   0.0 |      10 |       0 |   0.0
        D:4 |     137 |       0 |   0.0 |      15 |       0 |   0.0
            +---------+---------+-------+---------+---------+-------
